cohdb
Replays
Latest Replays
All Replays
Popular Replays
Top Player Replays
Match Explorer
How It Works
Community
CoH3 Stats
Reddit
Sign in to upload your games and track your stats! →
Sign in with Steam
Match 45560462
Unlisted
Match 45560462
Overview
Messages
Build Orders
End
Construct Infanterie Kompanie
Selects Terror Battlegroup
Selects Machine Gun Camouflage
MG 42 Machine Gun Team
MG 42 Machine Gun Team
Grenadier Squad
GrW 34 Mortar Team
Construct Luftwaffe Kompanie
Grenadier Squad
Support Elements
Jäger Squad
Jäger Squad
Wirbelwind Flakpanzer
Medical Bunker
Selects No Quarter
Kettenkrad Recon Vehicle
Construct Panzer Kompanie
Infanterie Officer Quarters
Panzer IV Medium Tank
Panzer IV Medium Tank
MG 42 Machine Gun Team
Medical Bunker
Spriggan
BooralKing
SoYcD
후암후암
是谁最爱吃哈基米
Pico
始源的黄皮土狼
Under Taker
0
0
Comments
sign in to comment!
No comments posted yet!